 Dungeon Crawl Stone Soup version 0.30-a0-738-g116ff8c4af (webtiles) character file.

Game seed: 11947235229104618229

74 ryw the Chopper (level 4, -6/41 HPs)
             Began as a Hill Orc Berserker on Feb 3, 2023.
             Was a Follower of Trog.
             Splashed by a jelly's acid (8 damage)
             ... on level 2 of the Dungeon.
             The game lasted 00:01:44 (1448 turns).

ryw the Chopper (Hill Orc Berserker)                Turns: 1448, Time: 00:01:45

Health: -6/41      AC: -13   Str: 21    XL:     4   Next: 30%
Magic:  4/4        EV: 12    Int:  7    God:    Trog [*.....]
Gold:   139        SH:  0    Dex: 10    Spells: 3/3 levels left

rFire   . . .      SeeInvis .    a - +0 hand axe
rCold   . . .      Faith    .    (no shield)
rNeg    . . .      Spirit   .    b - +0 animal skin
rPois   .          Reflect  .    (no helmet)
rElec   .          Harm     .    (no cloak)
rCorr   .          Rampage  .    (no gloves)
Will    ++...                    (no boots)
Stlth   +                        (no amulet)
HPRegen 1.26/turn                (no ring)
MPRegen 0.09/turn                (no ring)

@: strong-willed, corroded, regenerating
A: no striking features
a: Renounce Religion, Berserk


You were on level 2 of the Dungeon.
You worshipped Trog.
Trog was aware of your devotion.
You visited 1 branch of the dungeon, and saw 2 of its levels.

You collected 139 gold pieces.

Inventory:

Hand Weapons
 a - a +0 hand axe (weapon)
Missiles
 f - 2 boomerangs (quivered)
Armour
 b - a +0 animal skin (worn)
Wands
 c - a wand of quicksilver (6)
Scrolls
 h - a scroll of immolation {unknown}
 j - a scroll of poison {unknown}
Potions
 d - a potion of heal wounds
 e - a potion of mutation {unknown}
 g - 2 potions of brilliance {unknown}
 i - a potion of experience {unknown}
 k - a potion of resistance {unknown}
 l - 2 potions of curing {unknown}


   Skills:
 + Level 4.3 Fighting
 + Level 4.8 Axes
 + Level 3.0 Armour
 + Level 2.2 Dodging


You had 3 spell levels left.
You didn't know any spells.
Your spell library was empty.

Dungeon Overview and Level Annotations

Branches:
Dungeon (2/15)

Altars:


Message History

A kobold comes into view. It is wielding a +0 dagger.
The kobold shouts!
A kobold is nearby!
You hear a distant slurping noise.
The door mysteriously vanishes.
A jelly comes into view.
The jelly quivers.
You hit the kobold.
You kill the kobold!
Trog accepts your kill.
You can now call upon Trog for regeneration and willpower.
You see here a +0 dagger.
The jelly closely misses you.
You hit the jelly. The acid corrodes you!
Your hands burn!
The jelly is moderately wounded.
The jelly completely misses you. The jelly hits you.
You are splashed with acid.
You hit the jelly. The acid corrodes you!
Your hands burn!
The jelly is moderately wounded.
The jelly closely misses you.
You hit the jelly.
Your hands burn!
The jelly is moderately wounded.
The jelly barely misses you.
You hit the jelly. The acid corrodes you!
Your hands burn!
The jelly is heavily wounded.
The jelly hits you. The acid corrodes you!
You are splashed with acid!
You are too injured to fight recklessly!
You hit the jelly but do no damage.
Your hands burn!
The jelly is heavily wounded.
The jelly hits you.
* * * LOW HITPOINT WARNING * * *
You are splashed with acid!
* * * LOW HITPOINT WARNING * * *
Your skin crawls.
You feel strong-willed.
You can no longer call upon Trog for regeneration and willpower.
The jelly hits you.
* * * LOW HITPOINT WARNING * * *
The acid corrodes you!
You are splashed with acid!
You die...

#......#
#.......'...'.......
###'####
#########..)########
##)# ##### #))#
##.## ######## #
#..######[.....##.
'..##.##.......#.#
##..#.'........#J#
###...'........#@# #
###.'......#'#)# #
#.##.....#.#.# #
#####....#.#.# #
#######.## # ###


You could see a jelly.

Vanquished Creatures
  Jessica (D:2)
  An adder (D:2)
  2 dart slugs
  3 ball pythons
  2 bats (D:1)
  4 endoplasms
  A giant cockroach (D:1)
  3 goblins
  3 hobgoblins
  8 kobolds
  2 quokkas (D:1)
  A rat (D:2)
31 creatures vanquished.

Vanquished Creatures (others)
  4 fungi (D:2)
  7 toadstools (D:2)
11 creatures vanquished.

Grand Total: 42 creatures vanquished

Notes
Turn   | Place    | Note
-------+----------+-------------------------------------------
     0 | D:1      | ryw the Hill Orc Berserker began the quest for the Orb.
     0 | D:1      | Reached XP level 1. HP: 19/19 MP: 1/1
   144 | D:1      | Reached XP level 2. HP: 27/27 MP: 2/2
   915 | D:2      | Reached XP level 3. HP: 26/33 MP: 3/3
   941 | D:2      | Noticed Jessica
   959 | D:2      | Killed Jessica
  1203 | D:2      | Reached ** piety under Trog
  1220 | D:2      | Reached XP level 4. HP: 34/40 MP: 4/4
  1333 | D:2      | Found a faded altar of an unknown god.
  1448 | D:2      | HP: 2/41 [jelly (3)]
  1448 | D:2      | Splashed by a jelly's acid

Illustrated notes

Levels and vault maps discovered:
D:1:      minmay_arrival_doors, layout_loops_ring
D:2:      cheibrodos_fertilizer, layout_basic, chequers_ecumenical_altar_island,
          minmay_3d_cube, uniq_jessica

Skill      XL: |  1  2  3  4 |
---------------+-------------+-----
Fighting       | 4 |  4.3
Dodging        | 2 |  2.2
Armour         | 3 |  3.0
Axes           | |  4.8

Action                     |  1- 3 |  4- 6 || total
---------------------------+-------+-------++-------
  Melee: Hand axe          |    65 |    28 ||    93
         Punch             |     2 |       ||     2
 Invoke: Berserk           |     1 |     2 ||     3
         Trog's Hand       |       |     2 ||     2
    Use: Scroll            |     2 |       ||     2
 Armour: Animal skin       |    12 |     5 ||    17
  Dodge: Dodged            |    34 |    19 ||    53

Table legend: (Time is in decaauts)
 A = Elapsed time spent in this place.
 B = Non-inter-level travel time spent in this place.
 C = Inter-level travel time spent in this place.
 D = Time resting spent in this place.
 E = Time spent auto-exploring this place.
 F = Levels seen in this place.
 G = Mean time per level.
                   A        B        C        D        E       F      G
               +--------+--------+--------+--------+--------+-----+--------+
         Total |   1481 |   1463 |     18 |    106 |   1115 |   2 |  740.5 |
       Dungeon |   1481 |   1463 |     18 |    106 |   1115 |   2 |  740.5 |
               +--------+--------+--------+--------+--------+-----+--------+

Top non-repeatable levels by time:
     D:1: 903 daAuts
     D:2: 578 daAuts
